 Dungeon Crawl Stone Soup version 0.23-a0-577-g2b1de94 (webtiles) character file.

301 Inarius the Chopper (level 6, 0/48 HPs)
             Began as a Human Chaos Knight on Dec 15, 2018.
             Was a Plaything of Xom.
             Slain by a killer bee (6 damage)
             ... on level 3 of the Dungeon.
             The game lasted 00:06:31 (3429 turns).

Inarius the Chopper (Human Chaos Knight)            Turns: 3429, Time: 00:06:33

Health: 0/48       AC:  8    Str: 20    XL:     6   Next: 64%
Magic:  6/6        EV: 10    Int: 12    God:    Xom [.*....]
Gold:   239        SH:  0    Dex: 12    Spells: 5/5 levels left

rFire    . . .     SeeInvis .   p - +3 dagger (flame)
rCold    . . .     Gourm    .   (no shield)
rNeg     . . .     Faith    .   m - +0 scale mail
rPois    .         Spirit   .   (no helmet)
rElec    .         Reflect  .   i - scarf {cloud immunity}
rCorr    .         Harm     .   (no gloves)
MR       .....                  f - +0 pair of boots
Stlth    ..........             (no amulet)
HPRegen  0.16/turn              (no ring)
MPRegen  0.10/turn              (no ring)

@: confused, mighty, lethally poisoned (0 -> -10)
A: no striking features
a: Renounce Religion


You were on level 3 of the Dungeon.
You worshipped Xom.
You were a plaything of Xom.
You were very hungry.

You visited 1 branch of the dungeon, and saw 3 of its levels.

You collected 239 gold pieces.

Inventory:

Hand Weapons
 a - a +0 hand axe of chaos
 p - a +3 dagger of flaming (weapon)
Missiles
 e - 6 tomahawks (quivered)
Armour
 f - a +0 pair of boots (worn)
 i - a scarf of cloud immunity (worn)
 m - a +0 scale mail (worn)
Wands
 o - a wand of random effects (16)
Scrolls
 h - a scroll of fog {unknown}
 j - a scroll of remove curse {unknown}
 k - 2 scrolls of identify {unknown}
 l - a scroll of magic mapping {unknown}
 n - a scroll of noise {unknown}
Potions
 d - 2 potions of ambrosia
Comestibles
 c - 5 rations


   Skills:
 + Level 3.8 Fighting
 * Level 5.3 Axes
 + Level 0.6 Throwing
 + Level 3.3 Armour
 + Level 1.7 Dodging
 * Level 1.1 Evocations


You had 5 spell levels left.
You didn't know any spells.
Your spell library was empty.

Dungeon Overview and Level Annotations

Branches:
Dungeon (3/15)

Altars:
Ashenzari
Cheibriados
Hepliaklqana
Okawaru
Wu Jian


Message History

You feel very mighty all of a sudden.
* * * LOW HITPOINT WARNING * * *
You feel sick.
Xom's power touches on a nearby monster.
The killer bee suddenly seems more resistant.
The killer bee stings you but does no damage.
The killer bee stings you.
* * * LOW HITPOINT WARNING * * *
It was a potion of magic.
Magic courses through your body.
* * * LOW HITPOINT WARNING * * *
You feel sick. The killer bee closely misses you.
The killer bee barely misses you.
You closely miss the killer bee.
The killer bee is lightly wounded.
* * * LOW HITPOINT WARNING * * *
You feel sick.
The killer bee stings you but does no damage.
The killer bee stings you.
You die...
Xom chuckles heartily!

.......#...........#.#.#
.......#.).........#.#.#
.......#...........#.#.#
.......#######+#####.#.#
......##... #.# #.....#
.... #.# #.....# .....
#.# #.....#
......########.# ..
......'y@......#
......########## #####


You could see a killer bee.

Vanquished Creatures
  2 killer bees (D:3)
  An orc wizard (D:3)
  Jessica (D:3)
  Ijyb (D:3)
  Terence (D:2)
  3 adders
  An ooze (D:3)
  4 worms
  A dart slug (D:1)
  4 leopard geckos
  4 orcs (D:3)
  A ball python (D:2)
  8 bats
  A giant cockroach (D:3)
  3 hobgoblins
  2 jackals (D:2)
  6 kobolds
  3 quokkas (D:2)
  2 frilled lizards
  5 goblins
  6 rats
60 creatures vanquished.

Vanquished Creatures (collateral kills)
  An orc wizard (D:3)
1 creature vanquished.

Grand Total: 61 creatures vanquished

Notes
Turn   | Place    | Note
-------+----------+-------------------------------------------
     0 | D:1      | Inarius the Human Chaos Knight began the quest for the Orb.
     0 | D:1      | Reached XP level 1. HP: 18/18 MP: 1/1
    80 | D:1      | Reached XP level 2. HP: 23/24 MP: 2/2
   403 | D:1      | XOM: divination: detect creatures
   816 | D:1      | XOM: divination: detect items
  1077 | D:2      | Reached XP level 3. HP: 18/29 MP: 3/3
  1347 | D:2      | Noticed Terence
  1399 | D:2      | Killed Terence
  1399 | D:2      | Reached skill level 4 in Axes
  1399 | D:2      | Reached XP level 4. HP: 29/35 MP: 4/4
  1845 | D:2      | Found a hazy altar of Hepliaklqana.
  2034 | D:2      | Found a shattered altar of Ashenzari.
  2255 | D:3      | XOM: potion effect (invisibility)
  2258 | D:3      | Reached XP level 5. HP: 41/41 MP: 5/5
  2442 | D:2      | Found a snail-covered altar of Cheibriados.
  2442 | D:2      | Found an ornate altar of the Wu Jian Council.
  2468 | D:2      | XOM: summons 4 hostile shadow creatures
  2691 | D:3      | Noticed Ijyb
  2705 | D:3      | Killed Ijyb
  2744 | D:3      | Reached skill level 5 in Axes
  3063 | D:3      | Noticed Jessica
  3066 | D:3      | Killed Jessica
  3066 | D:3      | Reached XP level 6. HP: 45/48 MP: 6/6
  3327 | D:3      | Found an iron altar of Okawaru.
  3421 | D:3      | Reached skill level 1 in Evocations
  3425 | D:3      | HP: 1/48 [killer bee (3)]
  3427 | D:3      | XOM: enchant monster (bad)
  3429 | D:3      | Slain by a killer bee

Vault maps used:
D:1:      lightli_arrival_boilingwater, hangedman_decor_riveting,
          wander_ebering_terrifying_dragon_lair
D:2:      nicolae_overflow_hidden_temple, lemuel_coloured_pillars_altar,
          uniq_terence
D:3:      kennysheep_okawaru_gauntlet, uniq_jessica, uniq_ijyb

Skill      XL: |  1  2  3  4  5  6 |
---------------+-------------------+-----
Axes           | 4 5 |  5.3
Armour         | 3 |  3.3
Evocations     | 1 |  1.1
Fighting       | |  3.8
Throwing       | |  0.6
Dodging        | |  1.7

Action                   |  1- 3 |  4- 6 || total
-------------------------+-------+-------++-------
Melee: Hand axe          |    75 |   108 ||   183
       Dagger            |       |    29 ||    29
Throw: Tomahawk          |     3 |    10 ||    13
  Use: Potion            |       |     3 ||     3
 Stab: Paralysed         |     2 |       ||     2
       Confused          |       |     1 ||     1
  Eat: Chunk             |     2 |     5 ||     7
Armor: Leather armour    |    20 |    16 ||    36
       Scale mail        |       |    55 ||    55
Dodge: Dodged            |    37 |    80 ||   117

Table legend:
 A = Non-vault XP
 B = Vault XP
 C = Vault XP percentage of total XP
 D = Non-vault monster count
 E = Vault monster count
 F = Vault count percentage of total count
                 A         B        C        D         E       F
            +---------+---------+-------+---------+---------+-------
      Total |     319 |     112 |  26.0 |      57 |       4 |   6.6
            +---------+---------+-------+---------+---------+-------
        D:1 |      17 |       3 |  15.0 |       7 |       1 |  12.5
        D:2 |      63 |      36 |  36.4 |      28 |       1 |   3.4
        D:3 |     239 |      73 |  23.4 |      22 |       2 |   8.3
            +---------+---------+-------+---------+---------+-------
